 Dungeon Crawl Stone Soup version 0.27.1-3-gb3d3a73c9e (webtiles) character file.

Game seed: 6206950230695415909

1071 pkoi the Carver (level 8, -2/62 HPs)
             Began as a Minotaur Gladiator on Oct 5, 2021.
             Slain by Sigmund (8 damage)
             ... on level 3 of the Dungeon.
             The game lasted 00:03:52 (5153 turns).

pkoi the Carver (Minotaur Gladiator)                Turns: 5153, Time: 00:03:53

Health: -2/62      AC:  3    Str: 22    XL:     8   Next: 7%
Magic:  7/7        EV: 12    Int:  5    God:
Gold:   133        SH:  0    Dex: 11    Spells: 7/7 levels left

rFire    . . .     SeeInvis .   a - +0 long sword
rCold    . . .     Faith    .   (no shield)
rNeg     . . .     Spirit   .   b - +0 leather armour
rPois    .         Reflect  .   c - +0 hat
rElec    .         Harm     .   (no cloak)
rCorr    .         Rampage  .   (no gloves)
Will     .....                  (no boots)
Stlth    +.........             (no amulet)
HPRegen  0.20/turn              (no ring)
MPRegen  0.10/turn              (no ring)

@: no status effects
A: horns 2, retaliatory headbutt
a: no special abilities


You were on level 3 of the Dungeon.
You visited 1 branch of the dungeon, and saw 5 of its levels.

You collected 133 gold pieces.

Inventory:

Hand Weapons
 a - a +0 long sword (weapon)
Missiles
 d - 3 throwing nets
 l - 7 poisoned darts (quivered)
Armour
 b - a +0 leather armour (worn)
 c - a +0 hat (worn)
Jewellery
 n - a ring of fire
Scrolls
 f - 3 scrolls of identify {unknown}
 h - a scroll of enchant armour {unknown}
 j - a scroll of teleportation {unknown}
 m - a scroll of vulnerability {unknown}
 o - a scroll of fear {unknown}
 p - a scroll of enchant weapon {unknown}
Potions
 e - a potion of heal wounds
 g - 3 potions of curing {unknown}
 i - a potion of flight
 k - 2 potions of mutation {unknown}
 q - a potion of attraction {unknown}


   Skills:
 - Level 2.4 Fighting
 + Level 11.6 Long Blades
 - Level 2.0 Throwing
 - Level 3.2 Dodging


You had 7 spell levels left.
You didn't know any spells.
Your spell library contained the following spells:

 Spells                   Type           Power      Damage    Failure   Level
 Apportation              Tloc           0%         N/A       52%         1
 Gell's Gravitas          Tloc           0%         N/A       88%         3
 Lesser Beckoning         Tloc           0%         N/A       88%         3
 Teleport Other           Tloc           0%         N/A       88%         3
 Alistair's Intoxication  Tmut/Pois      0%         N/A       100%        5
 Invisibility             Hex            0%         N/A       100%        6


Dungeon Overview and Level Annotations

Branches:
Dungeon (5/15)
 Temple: D:4-7

Altars:
Elyvilon
Gozag
Sif Muna

Shops:
D:4 *

Annotations:
D:3 Sigmund


Innate Abilities, Weirdness & Mutations

You have a pair of horns on your head.
You reflexively headbutt those who attack you in melee.


Message History

Sigmund is heavily wounded.
Sigmund barely misses you.
You barely miss Sigmund. You headbutt Sigmund.
Sigmund is heavily wounded.
Sigmund completely misses you.
You riposte.
You barely miss Sigmund.
Sigmund is heavily wounded.
You slash Sigmund!
Sigmund is severely wounded.
You hit Sigmund.
Sigmund is severely wounded.
Sigmund casts a spell.
Sigmund flickers and vanishes!
Deactivating autopickup; reactivate with Ctrl-A.
You hit something but do no damage. Something hits you but does no damage.
You closely miss something. Your headbutt misses something. You miss something.
You hear some strange, mumbled words.
A magic dart appears from out of thin air!
The magic dart hits you!
You hit something but do no damage. Your headbutt misses something.
You barely miss something. Something hits you!
* * * LOW HITPOINT WARNING * * *
You closely miss something. Your headbutt misses something. Something hits you!
* * * LOW HITPOINT WARNING * * *
You barely miss something. You miss something. Your headbutt misses something.
You hear some strange, mumbled words.
Something tries to affect you, but you resist.
You barely miss something. You closely miss something.
Your headbutt misses something.
You hear some strange, mumbled words.
A magic dart appears from out of thin air!
The magic dart hits you.
* * * LOW HITPOINT WARNING * * *
You hit something. Something hits you!
* * * LOW HITPOINT WARNING * * *
You miss something. You hit something. Something completely misses you.
You hit something. Your headbutt misses something. Something hits you!
You die...

#####.#.....###...
#.#...........
#...##.#...... ##..
#.#......
###..##.#._....
.....##.#......
##########............
###......###..##.#######
....$.{@...#............
.........#...........###
.........#...........#
......##.#<..........#
...... #.###.#...###.#
...... #.#.........#.#
..... ..#...##..#.#.#
###############..#.#.###
#........####.#.#....


There were no monsters in sight!

Vanquished Creatures
  Prince Ribbit (D:4)
  An ice beast (D:5)
  2 necrophages (D:4)
  A wyvern zombie (D:4)
  3 scorpions (D:4)
  2 bullfrog skeletons (D:5)
  An orc priest (D:4)
  A centaur skeleton (D:4)
  2 iguanas (D:4)
  3 orc wizards (D:3)
  A hound skeleton (D:4)
  2 adders (D:2)
  A dart slug (D:5)
  12 orcs
  3 bats
  12 endoplasms
  3 giant cockroaches
  9 goblins
  5 hobgoblins
  7 jackals
  2 kobolds
  2 quokkas
  6 ball pythons
  4 frilled lizards
  3 rats
89 creatures vanquished.

Vanquished Creatures (others)
  An orc wizard (D:3)
  5 fungi (D:1)
  4 plants (D:1)
10 creatures vanquished.

Grand Total: 99 creatures vanquished

Notes
Turn   | Place    | Note
-------+----------+-------------------------------------------
     0 | D:1      | pkoi the Minotaur Gladiator began the quest for the Orb.
     0 | D:1      | Reached XP level 1. HP: 18/18 MP: 0/0
    68 | D:1      | Reached skill level 4 in Long Blades
   196 | D:1      | Reached XP level 2. HP: 25/25 MP: 1/1
   613 | D:1      | Reached skill level 5 in Long Blades
   800 | D:1      | Reached XP level 3. HP: 27/30 MP: 2/2
   864 | D:1      | Found a faded altar of an unknown god.
  1883 | D:2      | Reached skill level 6 in Long Blades
  1883 | D:2      | Reached XP level 4. HP: 37/37 MP: 3/3
  2652 | D:3      | Found an opulent altar of Gozag.
  2683 | D:3      | You fall into a shaft and drop 2 floors!
  2683 | D:5      | Entered Level 5 of the Dungeon
  2693 | D:5      | Reached skill level 7 in Long Blades
  2693 | D:5      | Reached XP level 5. HP: 32/42 MP: 4/4
  2762 | D:5      | Noticed an ice beast
  2777 | D:5      | Killed an ice beast
  2985 | D:5      | Noticed Prince Ribbit
  2995 | D:4      | Reached skill level 8 in Long Blades
  2995 | D:4      | Reached XP level 6. HP: 38/50 MP: 5/5
  3368 | D:4      | Killed Prince Ribbit
  3369 | D:4      | Reached skill level 9 in Long Blades
  3369 | D:4      | Reached XP level 7. HP: 37/56 MP: 6/6
  3529 | D:4      | Reached skill level 10 in Long Blades
  3639 | D:4      | Found Tatit's Assorted Antiques.
  3958 | D:4      | Found a white marble altar of Elyvilon.
  4127 | D:4      | Reached skill level 11 in Long Blades
  4432 | D:4      | Reached XP level 8. HP: 54/62 MP: 7/7
  4706 | D:3      | Found a shimmering blue altar of Sif Muna.
  5127 | D:3      | Noticed Sigmund
  5153 | D:3      | Slain by Sigmund

Illustrated notes

Levels and vault maps discovered:
D:1:      tarquinn_simple_flora_water_d, layout_loops_cross,
          serial_co_window_serial, co_window_paths_b, co_window_paths_a,
          co_window_corner_a, co_window_corner_a, co_window_corner_a,
          co_window_broadway_a, co_window_2corner, co_window_of_opportunity_c,
          co_window_cross_2, co_window_broadway_a, co_window_paths_c,
          glass_columns_a, dreamdust_ecumenical_altar_grove
D:2:      layout_loops_cross, minmay_pentomino_p4
D:3:      layout_basic, nicolae_gozag_seed_capital, kennysheep_orc_sif_temple,
          uniq_sigmund
D:4:      layout_loops_ring, elyvilon_altar_5, serial_shops, shop
D:5:      layout_rooms, serial_corexii_hall, chequers_hall_statues_corner_a,
          corexii_hall_statues_l, corexii_hall_statues_x,
          chequers_decorated_corner, minmay_joined_circles, uniq_duvessa,
          uniq_menkaure, uniq_prince_ribbit1

Skill      XL: |  1  2  3  4  5  6  7 |
---------------+----------------------+-----
Long Blades    | 4 5 6 7 8 9 11 | 11.6
Fighting       | |  2.4
Throwing       | |  2.0
Dodging        | |  3.2

Action                   |  1- 3 |  4- 6 |  7- 9 || total
-------------------------+-------+-------+-------++-------
Melee: Long sword        |    73 |    70 |   121 ||   264
       Headbutt          |    10 |    10 |    21 ||    41
Throw: Dart              |       |     5 |       ||     5
  Use: Scroll            |     1 |       |       ||     1
       Potion            |       |     4 |       ||     4
Armor: Leather armour    |    16 |    15 |    11 ||    42
Dodge: Dodged            |    53 |    30 |    55 ||   138
       Rpst.: Long sword |    14 |     5 |    12 ||    31
